 Dungeon Crawl Stone Soup version 0.24-a0-380-g7ade4d1b3c (webtiles) character file.

Game seed: 15165743323243485361

9378 Gargoyl the Cleaver (level 11, 0/138 HPs)
             Began as a Centaur Abyssal Knight on June 3, 2019.
             Was a High Priest of Lugonu.
             Slain by a warg (9 damage)
             ... on level 10 of the Dungeon.
             The game lasted 00:19:00 (14162 turns).

Gargoyl the Cleaver (Centaur Abyssal Knight)       Turns: 14162, Time: 00:19:00

Health: 0/138      AC:  9    Str: 25    XL:     11   Next: 22%
Magic:  17/17      EV:  8    Int: 11    God:    Lugonu [*****.]
Gold:   428        SH: 10    Dex: 11    Spells: 19/19 levels left

rFire    . . .     SeeInvis +   y - +1 war axe
rCold    . . .     Gourm    .   j - +0 shield
rNeg     . . .     Faith    .   o - +3 ring mail {rPois}
rPois    +         Spirit   .   (no helmet)
rElec    .         Reflect  .   l - scarf {repulsion}
rCorr    .         Harm     .   (no gloves)
MR       .....                  (no barding)
Stlth    ..........             d - amulet of rage
HPRegen  0.33/turn              B - +4 ring of strength
MPRegen  0.15/turn              F - ring of see invisible

@: berserking, repel missiles, very quick
A: large, hooves 3, deformed body, speed 2, tough skin 3
a: Depart the Abyss, Bend Space, Banish, Corrupt, Enter the Abyss, Renounce
Religion, Evoke Berserk Rage


You were on level 10 of the Dungeon.
You worshipped Lugonu.
Lugonu was extremely pleased with you.
You were very hungry.

You visited 1 branch of the dungeon, and saw 11 of its levels.
You visited the Abyss 1 time.
You also visited: Ossuary.

You collected 623 gold pieces.
You spent 195 gold pieces at shops.

Inventory:

Hand Weapons
 a - a +1 hand axe
 y - a +1 war axe (weapon)
Missiles
 A - 8 boomerangs (quivered)
Armour
 j - a +0 shield (worn)
 l - a scarf of repulsion (worn)
 o - a +3 ring mail of poison resistance (worn)
Jewellery
 d - an amulet of rage (around neck)
 B - a +4 ring of strength (left hand)
 F - a ring of see invisible (right hand)
Wands
 e - a wand of iceblast (20)
 f - a wand of flame (13)
 x - a wand of polymorph (4)
 z - a wand of acid (9)
 C - a wand of scattershot (5)
 G - a wand of disintegration (8)
 H - a wand of random effects (20)
Scrolls
 m - 2 scrolls of teleportation
 s - a scroll of identify
 u - 2 scrolls of fog
 w - a scroll of fear
 E - 6 scrolls of remove curse
Potions
 b - 2 potions of haste
 g - 7 potions of brilliance
 h - 2 potions of cancellation
 i - 4 potions of resistance
 k - 5 potions of might
 n - 3 potions of magic
 p - 5 potions of heal wounds
 q - a potion of flight
 r - 2 potions of agility
 t - 2 potions of lignification
 v - 2 potions of curing
 D - 2 potions of invisibility
 I - a potion of degeneration {unknown}
 K - a potion of berserk rage {unknown}
 L - a potion of mutation {unknown}
Comestibles
 c - 21 rations
 J - a chunk of flesh


   Skills:
 + Level 7.2 Fighting
 + Level 8.7 Axes
 + Level 0.1 Throwing
 * Level 2.7 Armour
 * Level 2.0 Dodging
 * Level 4.7 Shields
 - Level 6.0 Unarmed Combat
 - Level 4.5 Spellcasting
 + Level 2.0 Invocations
 * Level 6.1 Evocations


You had 19 spell levels left.
You didn't know any spells.
Your spell library contained the following spells:

 Spells                   Type           Power        Failure   Level  Hunger
 Corona                   Hex            #......      65%         1    None
 Magic Dart               Conj           #...         65%         1    None
 Blink                    Tloc           N/A          78%         2    ##.....
 Call Imp                 Summ           #.......     78%         2    ##.....
 Slow                     Hex            #.......     78%         2    ##.....
 Conjure Flame            Conj/Fire      #.......     95%         3    ###....
 Ignite Poison            Fire/Tmut/Pois #.......     95%         3    ###....
 Inner Flame              Hex/Fire       #.......     95%         3    ###....
 Mephitic Cloud           Conj/Pois/Air  #.......     95%         3    ###....
 Portal Projectile        Hex/Tloc       #.....       95%         3    ###....
 Spider Form              Tmut/Pois      #.........   95%         3    ###....
 Cause Fear               Hex            #.........   100%        4    ####...
 Leda's Liquefaction      Hex/Erth       #.........   100%        4    ####...
 Olgreb's Toxic Radiance  Pois           #.......     100%        4    ####...
 Bolt of Magma            Conj/Fire/Erth #.........   100%        5    ######.
 Fireball                 Conj/Fire      #.........   100%        5    ######.
 Bolt of Fire             Conj/Fire      #.........   100%        6    #######
 Ring of Flames           Chrm/Fire      #.........   100%        7    #######
 Ignition                 Fire           #.........   100%        8    #######


Dungeon Overview and Level Annotations

Branches:
Dungeon (11/15)            Temple (0/1) D:6
   Lair: D:8-11         Orc: D:9-12

Altars:
Cheibriados
Dithmenos
Fedhas
Kikubaaqudgha
Makhleb
Nemelex Xobeh
Ru
Trog
Vehumet
Xom
The Shining One

Shops:
D:4 ?[(!

Annotations:
D:6 1 runed translucent door, motoroller71's ghost, novice GrFi


Innate Abilities, Weirdness & Mutations

You have hooves in place of feet.
Armour fits poorly on your strangely shaped body.
You cover ground very quickly.
You have extremely tough skin. (AC +3)


Message History

The warg bites you!
* * * LOW HITPOINT WARNING * * *
You barely miss the warg.
The warg is lightly wounded.
You slash the warg! You closely miss the warg. You block the warg's attack.
The warg bites you.
* * * LOW HITPOINT WARNING * * *
The warg bites you!
* * * LOW HITPOINT WARNING * * *
You slash the warg! You kick the warg!
The warg is almost dead.
You slash the warg! You closely miss the warg. You block the warg's attack.
The warg completely misses you. The warg bites you!
* * * LOW HITPOINT WARNING * * *
You barely miss the warg. You kick the warg!
You kill the warg!
Lugonu accepts your kill.
You hit the warg. You miss the warg. You block the warg's attack.
The warg bites you!
You die...

..# #.# #...# #......... ..#
#.# #...# #......... ..####.#
#...# #...#####. .......#
#...# #...# #. ..###..# #...#
#...# #. ..# #..# #...# #...#
#. ..# #..# #...# #...# #.
..# #..# #...# #...# #. ..#
#..# #@h.# #...# #. ..# #..#
#.h.# #...# #. ..# #..#
#...#####...# #. ..#
#..#########........[..#####.
..#
#..............######........
..# #..............#
#........
..###...#########..#
#........ ....)...# #..#
#........ .#####..# #..#
#........


You could see 2 wargs.

Vanquished Creatures
  Erolcha (D:9)
  A hydra (D:10)
  The ghost of kaisn the Thaumaturge, a novice NaWz of Vehumet (D:10)
  An ugly thing (D:10)
  A troll (D:10)
  Prince Ribbit (D:6)
  3 hippogriffs
  A spriggan (D:7)
  4 yaks (D:9)
  2 wyverns
  A warg (D:10)
  Duvessa (D:6)
  2 black bears
  A sky beast (D:5)
  An ice beast (D:7)
  A phantom (D:5)
  An eye of draining (D:9)
  A necrophage (D:6)
  4 orc warriors
  6 ogres
  2 centaurs
  A crocodile (D:9)
  3 bullfrogs
  Dowan (D:6)
  3 scorpions
  4 killer bees (D:7)
  A bullfrog zombie (D:6)
  3 crimson imps
  2 quasits
  2 centaur skeletons
  3 hounds
  4 jellies
  5 centaur zombies
  8 orc priests
  5 orc wizards
  A bullfrog skeleton (D:6)
  9 worker ants
  2 iguanas
  2 big kobold zombies (Ossuary)
  2 hound zombies
  2 hound skeletons
  2 howler monkey zombies
  2 mummies (Ossuary)
  2 worker ant zombies (D:6)
  14 adders
  9 gnolls
  A shadow imp (D:8)
  3 adder zombies
  5 worms
  2 dart slugs
  8 leopard geckos
  16 orcs
  2 ball pythons (D:2)
  13 bats
  3 giant cockroaches
  8 goblins
  7 hobgoblins
  19 jackals
  3 kobolds
  3 quokkas
  A ball python skeleton (D:6)
  A frilled lizard (D:1)
  2 giant cockroach zombies
  A goblin zombie (Ossuary)
  11 hobgoblin zombies (Ossuary)
  A jackal skeleton (D:6)
  A jackal zombie (Ossuary)
  9 kobold zombies (Ossuary)
  8 orc zombies (Ossuary)
  9 rats
  A rat zombie (Ossuary)
267 creatures vanquished.

Vanquished Creatures (others)
  A hydra (D:11)
1 creature vanquished.

Grand Total: 268 creatures vanquished

Notes
Turn   | Place    | Note
-------+----------+-------------------------------------------
     0 | Abyss:1  | Gargoyl the Centaur Abyssal Knight began the quest for the
                  | Orb.
     0 | Abyss:1  | Reached XP level 1. HP: 19/19 MP: 2/2
    82 | Abyss:2  | Noticed a flying skull
    86 | Abyss:2  | Noticed a flying skull
    92 | D:1      | Escaped the Abyss
   269 | D:1      | Reached * piety under Lugonu
   292 | D:1      | Reached XP level 2. HP: 24/26 MP: 3/3
   891 | D:2      | Reached skill level 1 in Spellcasting
   891 | D:2      | Reached XP level 3. HP: 23/31 MP: 4/4
  1217 | D:2      | Found a glowing golden altar of the Shining One.
  1373 | D:2      | Reached skill level 1 in Evocations
  1499 | D:2      | Reached skill level 2 in Axes
  1499 | D:2      | Reached skill level 1 in Unarmed Combat
  1675 | D:2      | Reached XP level 4. HP: 19/40 MP: 5/5
  3038 | D:3      | Reached XP level 5. HP: 44/46 MP: 7/7
  3132 | D:3      | Noticed a moth of wrath
  3135 | D:3      | Found a bloodstained altar of Trog.
  3164 | D:3      | Reached ** piety under Lugonu
  3405 | D:3      | Found a sparkling altar of Nemelex Xobeh.
  4286 | D:4      | Found a snail-covered altar of Cheibriados.
  4305 | D:4      | Reached skill level 1 in Shields
  4416 | D:4      | Found a burning altar of Makhleb.
  4661 | D:4      | Found a shadowy altar of Dithmenos.
  4673 | D:4      | Found Ilokheho's Magic Scroll Boutique.
  4680 | D:4      | Noticed an ogre
  4681 | D:4      | Reached skill level 3 in Axes
  4681 | D:4      | Reached XP level 6. HP: 27/52 MP: 8/8
  4697 | D:5      | Entered Level 5 of the Dungeon
  5130 | D:4      | Found Mylogir's Antique Armour Boutique.
  5134 | D:4      | Found Ityec's Distillery.
  5138 | D:4      | Found Acint's Antique Weapon Boutique.
  5145 | D:4      | Bought a potion of heal wounds for 65 gold pieces
  5145 | D:4      | Bought a potion of heal wounds for 65 gold pieces
  5145 | D:4      | Bought a potion of heal wounds for 65 gold pieces
  5163 | D:4      | Reached XP level 7. HP: 60/60 MP: 10/10
  5357 | D:4      | Found a sacrificial altar of Ru.
  5528 | D:5      | Reached skill level 4 in Axes
  6461 | D:5      | Found a snail-covered altar of Cheibriados.
  6792 | D:5      | Reached XP level 8. HP: 52/67 MP: 11/11
  7217 | D:6      | Noticed motoroller71's ghost (novice GrFi)
  7221 | D:6      | Found a runed translucent door.
  7241 | D:6      | Reached *** piety under Lugonu
  7241 | D:6      | Reached skill level 5 in Axes
  7389 | D:6      | Found a staircase to the Ecumenical Temple.
  7530 | D:6      | Noticed Dowan
  7530 | D:6      | Noticed Duvessa
  7537 | D:6      | Killed Duvessa
  7537 | D:6      | Reached skill level 5 in Fighting
  7538 | D:6      | Killed Dowan
  7575 | D:6      | Found an ancient bone altar of Kikubaaqudgha.
  7614 | D:6      | Noticed Prince Ribbit
  7632 | D:6      | Killed Prince Ribbit
  8287 | D:6      | Reached XP level 9. HP: 71/74 MP: 12/14
  8827 | D:7      | Reached skill level 6 in Axes
  9060 | D:7      | Found a blossoming altar of Fedhas.
  9348 | D:7      | Reached **** piety under Lugonu
 10115 | D:8      | Found a shimmering altar of Xom.
 10236 | D:8      | Found a sand-covered staircase.
 10240 | Ossuary  | Entered an ossuary
 10371 | Ossuary  | Reached skill level 5 in Unarmed Combat
 10731 | D:8      | Reached skill level 7 in Axes
 11141 | D:9      | Reached skill level 5 in Evocations
 11141 | D:9      | Reached XP level 10. HP: 67/83 MP: 16/16
 11804 | D:9      | Reached ***** piety under Lugonu
 11956 | D:9      | Noticed Erolcha
 11965 | D:9      | Killed Erolcha
 12112 | D:9      | Reached skill level 8 in Axes
 12267 | D:9      | Found a radiant altar of Vehumet.
 12389 | D:10     | Entered Level 10 of the Dungeon
 12545 | D:10     | Noticed a seven-headed hydra
 12574 | D:10     | Killed a seven-headed hydra
 12574 | D:10     | Reached skill level 1 in Dodging
 12821 | D:10     | Noticed a white ugly thing
 12837 | D:10     | Killed a white ugly thing
 13172 | D:10     | Found a runed translucent door.
 13180 | D:10     | Noticed kaisn's ghost (novice NaWz)
 13228 | D:10     | Killed kaisn's ghost
 13228 | D:10     | Reached XP level 11. HP: 82/92 MP: 17/17
 13281 | D:10     | Identified the Almanac of Vitriolic Ignition
 13748 | D:11     | Noticed a four-headed hydra
 13982 | D:11     | Banished a four-headed hydra
 14162 | D:10     | Slain by a warg

Levels and vault maps discovered:
D:1:      matt_arrival_debris, layout_loops_ring
D:2:      layout_loops_ring, old_standard_altar
D:3:      layout_basic, tgw_trog, overflow_temple_1_default, first_ration,
          minivault_14
D:4:      layout_loops_ring, nicolae_overflow_quartered_altars,
          minmay_misc_feat_four_crosses, minmay_shop_grid_forest
D:5:      layout_cave_pools, kennysheep_slug_shrine
D:6:      layout_rooms, old_standard_altar, minmay_temple_entry_arrows,
          serial_undead, serial_undead_c, serial_undead_f, serial_undead_a,
          serial_undead_a, hellmonk_ghost_happy_afterlife, uniq_prince_ribbit1,
          uniq_duvessa
D:7:      black_bear_nest_1, layout_cave_pools, fedhas_altar_3, the_bakery
D:8:      layout_rooms, kennysheep_little_box, enter_ossuary_5
D:9:      layout_roguey, lemuel_round_altar, uniq_erolcha
D:10:     layout_long_grid, gammafunk_ghost_grave, small_statue_intersection
D:11:     layout_rooms, david_lair_generic, minmay_orc_entry_guard_dogs,
          bh_walls_and_bars, uniq_psyche

Skill      XL: |  1  2  3  4  5  6  7  8  9 10 11 |
---------------+----------------------------------+-----
Spellcasting   | 1 2 3 4 |  4.5
Evocations     | 1 2 3 4 5 6 |  6.1
Axes           | 2 3 4 5 7 8 |  8.7
Unarmed Combat | 1 2 3 4 5 6 |  6.0
Shields        | 1 2 3 4 |  4.7
Fighting       | 4 5 6 7 |  7.2
Dodging        | 1 2 |  2.0
Armour         | 2 |  2.7
Throwing       | |  0.1
Invocations    | |  2.0

Action                   |  1- 3 |  4- 6 |  7- 9 | 10-12 || total
-------------------------+-------+-------+-------+-------++-------
Melee: Hand axe          |   108 |   238 |   324 |       ||   670
       Kick              |    18 |    35 |   115 |    53 ||   221
       Punch             |     1 |       |       |       ||     1
       War axe           |       |       |   144 |   168 ||   312
Throw: Boomerang         |       |       |     4 |       ||     4
Invok: Depart the Abyss  |     1 |       |       |       ||     1
       Banish            |       |       |       |     1 ||     1
 Abil: Evoke Berserk Rag |       |     3 |    10 |     3 ||    16
Evoke: Wand              |       |       |     1 |    16 ||    17
  Use: Scroll            |     1 |    10 |    13 |     1 ||    25
       Potion            |       |       |     2 |       ||     2
  Eat: Chunk             |       |    11 |    13 |    11 ||    35
       Ration            |       |     1 |     4 |       ||     5
Armor: Chain mail        |    92 |    70 |       |       ||   162
       Leather armour    |     2 |       |       |       ||     2
       Ring mail         |       |   120 |   249 |    86 ||   455
Dodge: Dodged            |    26 |    60 |   140 |    66 ||   292
       Deflected         |       |       |     9 |     3 ||    12
Block: Shield            |    20 |   122 |   246 |   105 ||   493

Table legend:
 A = Non-vault XP
 B = Vault XP
 C = Vault XP percentage of total XP
 D = Non-vault monster count
 E = Vault monster count
 F = Vault count percentage of total count
                 A         B        C        D         E       F
            +---------+---------+-------+---------+---------+-------
      Total |   10022 |    3376 |  25.2 |     205 |      63 |  23.5
            +---------+---------+-------+---------+---------+-------
        D:1 |      31 |       0 |   0.0 |      19 |       0 |   0.0
        D:2 |     124 |       0 |   0.0 |      24 |       0 |   0.0
        D:3 |      85 |       9 |   9.6 |      30 |       5 |  14.3
        D:4 |     596 |       0 |   0.0 |      15 |       0 |   0.0
        D:5 |     635 |       4 |   0.6 |      16 |       1 |   5.9
        D:6 |     822 |     698 |  45.9 |      22 |      13 |  37.1
        D:7 |     863 |     353 |  29.0 |      20 |       2 |   9.1
        D:8 |     667 |       0 |   0.0 |      12 |       0 |   0.0
        D:9 |    2422 |     989 |  29.0 |      21 |       1 |   4.5
       D:10 |    2479 |    1101 |  30.8 |      16 |       2 |  11.1
       D:11 |    1298 |       0 |   0.0 |      10 |       0 |   0.0
    Ossuary |       0 |     222 | 100.0 |       0 |      39 | 100.0
            +---------+---------+-------+---------+---------+-------
